 Dungeon Crawl Stone Soup version 0.31-a0-152-g6aa68a64a1 (webtiles) character file.

Game seed: 11880569772015010860

314 BlueFish the Charlatan (level 6, -1/51 HPs)
             Began as a Draconian Artificer on June 11, 2023.
             Slain by Pikel
             ... wielding a +2 whip of freezing
              (2 damage)
             ... on level 3 of the Dungeon.
             The game lasted 00:06:34 (3969 turns).

BlueFish the Charlatan (Draconian Artificer)        Turns: 3969, Time: 00:06:35

Health: -1/51      AC:  6    Str: 14    XL:     6   Next: 19%
Magic:  6/6        EV: 13    Int: 13    God:
Gold:   142        SH:  0    Dex: 12    Spells: 5/5 levels left

rFire   . . .        m - +2 short sword (venom)
rCold   . . .        (no shield)
rNeg    . . .        (body armour unavailable)
rPois   .            (helmet restricted)
rElec   .            (no cloak)
rCorr   .            (no gloves)
SInv    .            (no boots)
Will    .....        (no amulet)
Stlth   ++           (no ring)
HPRegen 0.28/turn    (no ring)
MPRegen 0.10/turn

%: no passive effects
@: slowed, very slow
A: AC +6, unfitting armour, cold-blooded
a: no special abilities


You were on level 3 of the Dungeon.
You visited 1 branch of the dungeon, and saw 4 of its levels.

You collected 142 gold pieces.

Inventory:

Hand Weapons
 a - a +0 club
 f - a +0 spear
 g - a +0 whip
 k - a +0 short sword
 m - a +2 short sword of venom (weapon)
Wands
 b - a wand of flame (22) (quivered)
 c - a wand of charming (15)
 d - a wand of iceblast (5)
 n - a wand of paralysis (5)
Scrolls
 e - a scroll of amnesia {unknown}
 h - a scroll of magic mapping {unknown}
 i - a scroll of vulnerability {unknown}
 j - a scroll of teleportation {unknown}
 l - 2 scrolls of fear {unknown}
 p - a scroll of silence
 r - a scroll of enchant armour {unknown}
 s - a scroll of noise {unknown}
 u - a scroll of poison {unknown}
Potions
 q - a potion of attraction


   Skills:
 + Level 3.4 Fighting
 + Level 3.5 Dodging
 + Level 3.1 Stealth
 + Level 4.3 Evocations


You had 5 spell levels left.
You didn't know any spells.
Your spell library was empty.

Dungeon Overview and Level Annotations

Branches:
Dungeon (4/15)
 Temple: D:4-7

Altars:
Ru
Yredelemnul

Annotations:
D:3 Pikel
D:4 Grinder


Innate Abilities, Weirdness & Mutations

Your plain brown scales are hard. (AC +6)
You cannot fit into any form of body armour.
You are cold-blooded and may be slowed by cold attacks.


Message History

* * * LOW HITPOINT WARNING * * *
You feel yourself slow down. Pikel freezes you.
* * * LOW HITPOINT WARNING * * *
You bump into the rock wall.
Pikel hits you with a +2 whip of freezing.
* * * LOW HITPOINT WARNING * * *
You feel as though you will be slow longer.
Pikel freezes you.
* * * LOW HITPOINT WARNING * * *
You bump into the rock wall.
Pikel barely misses you. Pikel misses you.
You bump into the rock wall.
You feel less invigorated.
You feel less confused.
Pikel hits you with a +2 whip of freezing.
You feel as though you will be slow longer.
Pikel freezes you. Pikel misses you.
You feel yourself speed up.
Pikel hits you with a +2 whip of freezing.
* * * LOW HITPOINT WARNING * * *
Pikel freezes you.
* * * LOW HITPOINT WARNING * * *
Pikel attacks as you move away! Pikel closely misses you.
Pikel attacks as you move away! Pikel barely misses you.
There is a stone staircase leading up here.
Pikel hits you but does no damage.
You climb upwards.
There is a stone staircase leading down here.
You hit Pikel but do no damage.
Pikel looks as sick as possible!
You tail-slap Pikel, but do no damage.
Pikel is severely wounded.
Pikel says, "You'll make a fine lemure."
Pikel hits you with a +2 whip of freezing.
* * * LOW HITPOINT WARNING * * *
Pikel freezes you.
* * * LOW HITPOINT WARNING * * *
Pikel attacks as you move away!
Pikel hits you with a +2 whip of freezing!
* * * LOW HITPOINT WARNING * * *
You feel yourself slow down. Pikel freezes you.
You die...

## ###### #P.P# #.###.# .#######
##.######## #.##.## .......#
#........####.###.# .#####.#
####.#........#...###. ## #.#
#........##.#......... #.#
#.##.#..###.###...#### #.#
#.##....# #.# ##.## #.# #.##.#.##
#.# #.# #.# #...K@.####.# #.# #.#
#.........#.# ##'##
###.#####.###~###...###...##
##.....#...#.#≈#.#...##.....##
##....#.#.###.#≈#.###.#.......##
##...###.#.....#≈#.......)......#
...........###.#≈#.###..........'
##...###.#...#.#≈#.#............#
##......##..###~###.####.#.#.###


You could see Pikel (extremely poisoned).

Vanquished Creatures
  A scorpion (D:4)
  An orc priest (D:3)
  Ijyb (D:4)
  An orc wizard (D:3)
  4 adders
  A gnoll (D:1)
  2 ufetubi
  2 dart slugs (D:3)
  3 worms
  11 orcs
  2 bats
  7 endoplasms
  4 giant cockroaches
  11 goblins
  6 hobgoblins
  8 jackals
  3 quokkas
  10 ball pythons
  4 frilled lizards (D:1)
  7 kobolds
  2 rats
91 creatures vanquished.

Notes
Turn   | Place    | Note
-------+----------+-------------------------------------------
     0 | D:1      | BlueFish the Draconian Artificer began the quest for the
                  | Orb.
     0 | D:1      | Reached XP level 1. HP: 16/16 MP: 1/1
    47 | D:1      | Reached skill level 1 in Stealth
   206 | D:1      | Reached XP level 2. HP: 11/23 MP: 2/2
   531 | D:1      | Reached XP level 3. HP: 24/29 MP: 3/3
  1301 | D:2      | You fall into a shaft and drop 2 floors!
  1318 | D:4      | Noticed Ijyb
  1330 | D:4      | Killed Ijyb
  1331 | D:4      | Reached XP level 4. HP: 8/37 MP: 4/4
  1595 | D:3      | Found a sacrificial altar of Ru.
  1983 | D:3      | Reached XP level 5. HP: 7/44 MP: 5/5
  1985 | D:3      | Reached skill level 4 in Evocations
  2944 | D:3      | Found a basalt altar of Yredelemnul.
  3550 | D:4      | Reached XP level 6. HP: 44/51 MP: 6/6
  3654 | D:4      | Noticed Grinder
  3673 | D:4      | Noticed Pikel
  3681 | D:4      | Paralysed by Grinder for 5 turns
  3685 | D:4      | HP: 2/51 [phantom (6)]
  3969 | D:3      | HP: 1/51 [Pikel/+2 whip of freezing (8)]
  3969 | D:3      | Slain by Pikel

Illustrated notes

Levels and vault maps discovered:
D:1:      heliophobic_arrival_dark_side_of_the_moon, layout_loops_ring,
          dreamdust_princess_corridor, minmay_pentomino_t4
D:2:      layout_loops_ring, serial_forest, infiniplex_forest_lined_ring,
          infiniplex_forest_clump_C, infiniplex_forest_lined_room_2,
          infiniplex_forest_lined_corner, infiniplex_forest_straight_5,
          amcnicky_mini_pool_small
D:3:      layout_loops_corners, yredelemnul_altar_generic,
          nicolae_ru_awakened_eye, grunt_decor_cap, minmay_crystal_room,
          grunt_decor_fettered, dreamdust_princess_bridge
D:4:      layout_loops_ring, chequers_serial_rivers_small_3, uniq_grinder,
          uniq_ijyb, uniq_pikel

Skill      XL: |  1  2  3  4  5 |
---------------+----------------+-----
Stealth        | 1 2 3 |  3.1
Fighting       | 2 3 |  3.4
Dodging        | 3 |  3.5
Evocations     | 4 |  4.3

Action                     |  1- 3 |  4- 6 || total
---------------------------+-------+-------++-------
  Melee: Spear             |    27 |       ||    27
         Whip              |    40 |       ||    40
         Tailslap          |     8 |    23 ||    31
         Punch             |     2 |     2 ||     4
         Short sword       |    55 |   213 ||   268
    Use: Potion            |     1 |     4 ||     5
         Scroll            |       |     4 ||     4
   Stab: Sleeping          |     4 |     7 ||    11
 Armour: Skin              |    43 |    77 ||   120
  Dodge: Dodged            |    63 |   134 ||   197

Table legend: (Time is in decaauts)
 A = Elapsed time spent in this place.
 B = Non-inter-level travel time spent in this place.
 C = Inter-level travel time spent in this place.
 D = Time resting spent in this place.
 E = Time spent auto-exploring this place.
 F = Levels seen in this place.
 G = Mean time per level.
                   A        B        C        D        E       F      G
               +--------+--------+--------+--------+--------+-----+--------+
         Total |   3984 |   3836 |    148 |      2 |   2871 |   4 |  996.0 |
       Dungeon |   3984 |   3836 |    148 |      2 |   2871 |   4 |  996.0 |
               +--------+--------+--------+--------+--------+-----+--------+

Top non-repeatable levels by time:
     D:3: 1504 daAuts
     D:1: 1075 daAuts
     D:2: 778 daAuts
     D:4: 626 daAuts
